PA
IDAHO FALLS CHUKARS @ HAMMOND HERONS
05/26/2020
 
TOP OF THE 1ST
Idaho Falls Chukars batting - Pitching for Munster Herons : RHP Willis Parker
Pitching: RHP Willis Parker
Batting: RHB Miguel Luna 0-0: Ball
1-0: Foul Ball, location: 2F
1-1: Foul Ball, location: 2F
1-2: Strikes out swinging
Batting: RHB Gerardo Gonzáles 0-0: Called Strike
0-1: Foul Ball, location: 2F
0-2: Ball
1-2: Fly out, F6 (Popup, 6)
Batting: RHB Sake van Arem 0-0: Ball
1-0: SINGLE (Groundball, 6MD)
Batting: LHB Sean Angwin 0-0: Ball
1-0: SINGLE (Flyball, 8RS)
Sake van Arem to second
Runner from 2nd tries for 3rd, SAFE, throw made to third
Sean Angwin to second
Batting: RHB José Reyes 0-0: Ground out 6-3 (Groundball, 6)
Top of the 1st over - 0 run(s), 2 hit(s), 0 error(s), 2 left on base; Idaho Falls 0 - Munster 0
BOTTOM OF THE 1ST
Munster Herons batting - Pitching for Idaho Falls Chukars : RHP Pancho Pantoja
Pitching: RHP Pancho Pantoja
Batting: RHB Pedro González 0-0: Called Strike
0-1: Ball
1-1: Called Strike
1-2: Strikes out swinging
Batting: RHB Pil-joong Pak 0-0: Swinging Strike
0-1: Ball
1-1: Foul Ball, location: 2F
1-2: Strikes out swinging
Batting: LHB Eddie Flynn 0-0: Ball
1-0: Ball
2-0: Called Strike
2-1: Ball
3-1: Called Strike
3-2: Foul Ball, location: 2F
3-2: Foul Ball, location: 2F
3-2: Base on Balls
Batting: SHB Orlando Deleón 0-0: Ball
1-0: Foul Ball, location: 2F
1-1: Fly out, F5 (Popup, 25)
Bottom of the 1st over - 0 run(s), 0 hit(s), 0 error(s), 1 left on base; Idaho Falls 0 - Munster 0
TOP OF THE 2ND
Idaho Falls Chukars batting - Pitching for Munster Herons : RHP Willis Parker
Batting: RHB Marcos Silva 0-0: Ball
1-0: Ball
2-0: Ball
3-0: Called Strike
3-1: Fly out, F5 (Popup, 7LSF)
Batting: RHB Trent Burch 0-0: Called Strike
0-1: Foul Ball, location: 2F
0-2: Ball
1-2: Ground out 6-3 (Groundball, 6M)
Batting: LHB Ramón Félix 0-0: Ball
1-0: Ground out 3-1 (Groundball, 34)
Top of the 2nd over - 0 run(s), 0 hit(s), 0 error(s), 0 left on base; Idaho Falls 0 - Munster 0
BOTTOM OF THE 2ND
Munster Herons batting - Pitching for Idaho Falls Chukars : RHP Pancho Pantoja
Batting: RHB Matt Love 0-0: Ball
1-0: Foul Ball, location: 2F
1-1: Foul Ball, location: 2F
1-2: Ball
2-2: Ground out 4-3 (Groundball, 4M)
Batting: RHB Jimmy Dawson 0-0: Ball
1-0: Foul Ball, location: 2F
1-1: Swinging Strike
1-2: Strikes out swinging
Batting: RHB António Guzmán 0-0: Foul Ball, location: 2F
0-1: Foul Ball, location: 2F
0-2: Ball
1-2: Strikes out swinging
Bottom of the 2nd over - 0 run(s), 0 hit(s), 0 error(s), 0 left on base; Idaho Falls 0 - Munster 0
TOP OF THE 3RD
Idaho Falls Chukars batting - Pitching for Munster Herons : RHP Willis Parker
Batting: RHB Jung-hwan Kwon 0-0: Bunt for hit - play at first, batter OUT! 1-3
Batting: RHB Miguel Luna 0-0: Called Strike
0-1: Called Strike
0-2: Strikes out swinging
Batting: RHB Gerardo Gonzáles 0-0: Foul Ball, location: 2F
0-1: Ball
1-1: Ball
2-1: Foul Ball, location: 2F
2-2: Ball
3-2: Base on Balls
Batting: RHB Sake van Arem 0-0: SINGLE (Flyball, 9S)
Gerardo Gonzáles to second
Runner from 2nd tries for 3rd, SAFE, throw made to third
Sake van Arem to second
Batting: LHB Sean Angwin 0-0: Ball
1-0: SINGLE (Groundball, 4MD)
Gerardo Gonzáles scores
Sake van Arem to third
Runner from 3rd tries for Home, SAFE, no throw or cutoff
Batting: RHB José Reyes 0-0: Called Strike
0-1: Ground out 6-3 (Groundball, 6)
Top of the 3rd over - 2 run(s), 2 hit(s), 0 error(s), 1 left on base; Idaho Falls 2 - Munster 0
BOTTOM OF THE 3RD
Munster Herons batting - Pitching for Idaho Falls Chukars : RHP Pancho Pantoja
Batting: RHB Brian Soto 0-0: Ball
1-0: Foul Ball, location: 2F
1-1: Called Strike
1-2: Foul Ball, location: 2F
1-2: Foul Ball, location: 2F
1-2: Strikes out swinging
Batting: RHB Sancho Romero 0-0: Ball
1-0: SINGLE (Groundball, 4)
Batting: RHB Pedro González 0-0: Ball
1-0: Swinging Strike
1-1: Foul Ball, location: 2F
1-2: Foul Ball, location: 2F
1-2: Foul Ball, location: 2F
1-2: Ball
2-2: Foul Ball, location: 2F
2-2: SINGLE (Line Drive, 56D)
Sancho Romero to second
Batting: RHB Pil-joong Pak 0-0: Called Strike
0-1: Ball
1-1: Ball
2-1: SINGLE (Groundball, 6)
Sancho Romero to third
Pedro González to second
Runner from 3rd tries for Home, SAFE, no throw or cutoff
Batting: LHB Eddie Flynn 0-0: Called Strike
0-1: Foul Ball, location: 2F
0-2: Ball
1-2: Ball
2-2: Foul Ball, location: 2F
2-2: Foul Ball, location: 2F
2-2: Ball
3-2: Base on Balls
Pedro González to third
Pil-joong Pak to second
Batting: SHB Orlando Deleón 0-0: Foul Ball, location: 2F
0-1: Ball
1-1: Foul Ball, location: 2F
1-2: Fly out, F5 (Popup, 5SF)
Batting: RHB Matt Love 0-0: Ball
1-0: Called Strike
1-1: Foul Ball, location: 2F
1-2: Ball
2-2: Ball
3-2: Fly out, F7 (Flyball, 7LMF)
Bottom of the 3rd over - 1 run(s), 3 hit(s), 0 error(s), 3 left on base; Idaho Falls 2 - Munster 1
TOP OF THE 4TH
Idaho Falls Chukars batting - Pitching for Munster Herons : RHP Willis Parker
Batting: RHB Marcos Silva 0-0: Ball
1-0: Ball
2-0: SINGLE (Line Drive, 6)
Batting: RHB Trent Burch 0-0: Grounds into double play, 4-6-3 (Groundball, 4)
Batting: LHB Ramón Félix 0-0: Ball
1-0: Called Strike
1-1: Ball
2-1: Swinging Strike
2-2: Foul Ball, location: 2F
2-2: Strikes out looking
Top of the 4th over - 0 run(s), 1 hit(s), 0 error(s), 0 left on base; Idaho Falls 2 - Munster 1
BOTTOM OF THE 4TH
Munster Herons batting - Pitching for Idaho Falls Chukars : RHP Pancho Pantoja
Batting: RHB Jimmy Dawson 0-0: Ball
1-0: Ground out 5-3 (Groundball, 15S)
Batting: RHB António Guzmán 0-0: Foul Ball, location: 2F
0-1: Ball
1-1: Ball
2-1: Foul Ball, location: 2F
2-2: Ball
3-2: Foul Ball, location: 2F
3-2: Strikes out looking
Batting: RHB Brian Soto 0-0: Foul Ball, location: 2F
0-1: Ball
1-1: Ball
2-1: Called Strike
2-2: SINGLE (Groundball, 56D)
Batting: RHB Sancho Romero 0-0: Called Strike
0-1: Ball
1-1: Called Strike
Throwing error on steal attempt, E2
Brian Soto to third
1-2: Strikes out swinging
Bottom of the 4th over - 0 run(s), 1 hit(s), 1 error(s), 1 left on base; Idaho Falls 2 - Munster 1
TOP OF THE 5TH
Idaho Falls Chukars batting - Pitching for Munster Herons : RHP Willis Parker
Batting: RHB Jung-hwan Kwon 0-0: Ball
1-0: Called Strike
1-1: Swinging Strike
1-2: Ball
2-2: Fly out, F9 (Line Drive, 89S)
Batting: RHB Miguel Luna 0-0: Called Strike
0-1: Swinging Strike
0-2: Foul Ball, location: 2F
0-2: Ball
1-2: Ball
2-2: Strikes out looking
Batting: RHB Gerardo Gonzáles 0-0: Called Strike
0-1: Foul Ball, location: 2F
0-2: Strikes out looking
Top of the 5th over - 0 run(s), 0 hit(s), 0 error(s), 0 left on base; Idaho Falls 2 - Munster 1
BOTTOM OF THE 5TH
Munster Herons batting - Pitching for Idaho Falls Chukars : RHP Pancho Pantoja
Batting: RHB Pedro González 0-0: Foul Ball, location: 2F
0-1: Bunt for hit - play at first, batter OUT! 2-3
Batting: RHB Pil-joong Pak 0-0: Ground out 4-3 (Groundball, 4M)
Batting: LHB Eddie Flynn 0-0: Ground out 4-3 (Groundball, 4)
Bottom of the 5th over - 0 run(s), 0 hit(s), 0 error(s), 0 left on base; Idaho Falls 2 - Munster 1
TOP OF THE 6TH
Idaho Falls Chukars batting - Pitching for Munster Herons : RHP Willis Parker
Batting: RHB Sake van Arem 0-0: Ball
1-0: Called Strike
1-1: Ball
2-1: SINGLE (Line Drive, 7S)
Batting: LHB Sean Angwin 0-0: Foul Ball, location: 2F
0-1: Ball
1-1: Ball
2-1: Foul Ball, location: 2F
2-2: Strikes out swinging
Batting: RHB José Reyes 0-0: Ball
Sake van Arem is caught stealing 2nd base
1-0: Ball
2-0: Ball
3-0: Called Strike
3-1: Called Strike
3-2: Foul Ball, location: 2F
3-2: Foul Ball, location: 2F
3-2: Ground out 5-3 (Groundball, 56)
Top of the 6th over - 0 run(s), 1 hit(s), 0 error(s), 0 left on base; Idaho Falls 2 - Munster 1
BOTTOM OF THE 6TH
Munster Herons batting - Pitching for Idaho Falls Chukars : RHP Pancho Pantoja
Batting: SHB Orlando Deleón 0-0: Ball
1-0: Ball
2-0: SINGLE (Line Drive, 8RS)
Batting: RHB Matt Love 0-0: Grounds into double play, 6-4-3 (Groundball, 6)
Batting: RHB Jimmy Dawson 0-0: Bunt missed!
0-1: Ball
1-1: Ball
2-1: Foul Ball, location: 2F
2-2: Ball
3-2: Foul Ball, location: 2F
3-2: Base on Balls
Batting: RHB António Guzmán 0-0: Called Strike
0-1: Ball
Jimmy Dawson is caught stealing 2nd base
Bottom of the 6th over - 0 run(s), 1 hit(s), 0 error(s), 0 left on base; Idaho Falls 2 - Munster 1
TOP OF THE 7TH
Idaho Falls Chukars batting - Pitching for Munster Herons : RHP Willis Parker
Batting: RHB Marcos Silva 0-0: SINGLE (Groundball, 6)
Batting: RHB Trent Burch 0-0: Sac Bunt - play at first, batter OUT! 1-4
Marcos Silva to second
Pinch Hitting: SHB Jim Unknown 0-0: Intentional Walk
Pinch Hitting: LHB Jim Unknown 0-0: Called Strike
0-1: Swinging Strike
0-2: Foul Ball, location: 2F
0-2: Ball
1-2: SINGLE (Line Drive, 34D)
Marcos Silva to third
Jim Unknown to second
Pinch Hitting: RHB Ramiro Gonzáles 0-0: Ball
1-0: SINGLE (Line Drive, 9LM)
Marcos Silva scores
Jim Unknown to third
Jim Unknown to second
Runner from 3rd tries for Home, SAFE, throw made home
Batting: RHB Gerardo Gonzáles 0-0: Ball
1-0: Foul Ball, location: 2F
1-1: Ground out 5-3 (Groundball, 56S)
Jim Unknown to third
Ramiro Gonzáles to second
Batting: RHB Sake van Arem 0-0: Foul Ball, location: 2F
0-1: Ball
1-1: Ball
2-1: Ball
3-1: Foul Ball, location: 2F
3-2: Foul Ball, location: 2F
3-2: Foul Ball, location: 2F
3-2: SINGLE (Groundball, 6MD)
Jim Unknown scores
Ramiro Gonzáles to third
Ramiro Gonzáles scores
Batting: LHB Sean Angwin 0-0: Called Strike
Sake van Arem steals 2nd base
0-1: SINGLE (Groundball, 34)
Sake van Arem to third
Runner from 3rd tries for Home, SAFE, no throw or cutoff
Batting: RHB José Reyes 0-0: Ball
1-0: Called Strike
1-1: Swinging Strike
1-2: Ball
2-2: Foul Ball, location: 2F
2-2: Ball
3-2: Foul Ball, location: 2F
3-2: Strikes out swinging
Top of the 7th over - 5 run(s), 5 hit(s), 0 error(s), 1 left on base; Idaho Falls 7 - Munster 1
BOTTOM OF THE 7TH
Munster Herons batting - Pitching for Idaho Falls Chukars : RHP Pancho Pantoja
Now at 3B: Enrique Martínez
Now in LF: Jim Unknown
Now in CF: Jim Unknown
Batting: RHB António Guzmán 0-0: Ball
1-0: Ground out 6-3 (Groundball, 6M)
Batting: RHB Brian Soto 0-0: Called Strike
0-1: Fly out, F8 (Flyball, 8LM)
Batting: RHB Sancho Romero 0-0: Ball
1-0: Swinging Strike
1-1: Foul Ball, location: 2F
1-2: Strikes out looking
Bottom of the 7th over - 0 run(s), 0 hit(s), 0 error(s), 0 left on base; Idaho Falls 7 - Munster 1
TOP OF THE 8TH
Idaho Falls Chukars batting - Pitching for Munster Herons : RHP Willis Parker
Batting: RHB Marcos Silva 0-0: Ball
1-0: Fly out, F8 (Flyball, 8LS)
Batting: RHB Trent Burch 0-0: Called Strike
0-1: Ground out 4-3 (Groundball, 4)
Batting: SHB Jim Unknown 0-0: Called Strike
0-1: Called Strike
0-2: Foul Ball, location: 2F
0-2: Strikes out swinging
Top of the 8th over - 0 run(s), 0 hit(s), 0 error(s), 0 left on base; Idaho Falls 7 - Munster 1
BOTTOM OF THE 8TH
Munster Herons batting - Pitching for Idaho Falls Chukars : RHP Pancho Pantoja
Pitching: LHP Kasper Breeuwer
Now at 1B: Armando Rodríguez
Batting: RHB Pedro González 0-0: Fly out, F7 (Flyball, 7M)
Batting: RHB Pil-joong Pak 0-0: Ball
1-0: Ball
2-0: Bunt missed!
2-1: Ground out 4-3 (Groundball, 34)
Batting: LHB Eddie Flynn 0-0: Ball
1-0: Ball
2-0: Called Strike
2-1: Ball
3-1: Base on Balls
Batting: SHB Orlando Deleón 0-0: Ball
1-0: Swinging Strike
1-1: DOUBLE (Line Drive, 7LM)
Eddie Flynn to third
Batting: RHB Matt Love 0-0: Fly out, F6 (Popup, 4M)
Bottom of the 8th over - 0 run(s), 1 hit(s), 0 error(s), 2 left on base; Idaho Falls 7 - Munster 1
TOP OF THE 9TH
Idaho Falls Chukars batting - Pitching for Munster Herons : RHP Willis Parker
Pitching: RHP Cristián Sandoval
Batting: LHB Jim Unknown 0-0: Ball
1-0: Ball
2-0: Fly out, F9 (Flyball, 9D)
Pitching: RHP Jim Unknown
Batting: RHB Enrique Martínez 0-0: Swinging Strike
0-1: Ground out 6-3 (Groundball, 6)
Batting: RHB Gerardo Gonzáles 0-0: Ball
1-0: Called Strike
1-1: Swinging Strike
1-2: Strikes out looking
Top of the 9th over - 0 run(s), 0 hit(s), 0 error(s), 0 left on base; Idaho Falls 7 - Munster 1
BOTTOM OF THE 9TH
Munster Herons batting - Pitching for Idaho Falls Chukars : LHP Kasper Breeuwer
Now at SS: Carlos López
Batting: RHB Jimmy Dawson 0-0: Foul Ball, location: 2F
0-1: Ball
1-1: Ball
2-1: Ball
3-1: Ground out 6-3 (Groundball, 6M)
Batting: RHB António Guzmán 0-0: Ball
1-0: Called Strike
1-1: Ground out 4-3 (Groundball, 4)
Batting: RHB Brian Soto 0-0: Ball
1-0: Called Strike
1-1: Foul Ball, location: 2F
1-2: Fly out, F3 (Popup, 3DF)
Bottom of the 9th over - 0 run(s), 0 hit(s), 0 error(s), 0 left on base; Idaho Falls 7 - Munster 1
This league is powered by Out of the Park Baseball, the baseball management simulation game for PC, Mac and Linux
Friday, October 23rd, 2015 - OOTP Baseball 16.9 Build 39